 Dungeon Crawl Stone Soup version 0.29-a0-317-gd16b76e6b1 (webtiles) character file.

Game seed: 12942620292945664524

126 Dabor the Covered (level 5, -16/33 HPs)
             Began as a Gargoyle Fighter on Mar 30, 2022.
             Was a Follower of Okawaru.
             Demolished by a two-headed ogre
             ... wielding a +0 giant club
              (20 damage)
             ... on level 6 of the Dungeon.
             The game lasted 00:03:55 (2018 turns).

Dabor the Covered (Gargoyle Fighter)                Turns: 2018, Time: 00:03:56

Health: -16/33     AC: 12    Str: 17 (19) XL:     5   Next: 10%
Magic:  5/5        EV:  9    Int:  6 (9)  God:    Okawaru [*.....]
Gold:   168        SH:  9    Dex:  8 (11) Spells: 4/4 levels left

rFire   . . .      SeeInvis .   e - +3 hunting sling (freeze)
rCold   . . .      Faith    .   c - +0 buckler
rNeg    + . .      Spirit   .   b - +0 scale mail
rPois   ∞          Reflect  +   (no helmet)
rElec   +          Harm     .   l - +0 cloak
rCorr   .          Rampage  .   (no gloves)
Will    .....                   (no boots)
Stlth   ..........              a - amulet of reflection
HPRegen 0.11/turn               (no ring)
MPRegen 0.09/turn               (no ring)

@: brilliant, about to teleport
A: sickness immunity, AC +4, negative energy resistance 1, electricity
resistance, torment resistance 1, petrification resistance
a: Renounce Religion, Heroism


You were on level 6 of the Dungeon.
You worshipped Okawaru.
Okawaru was aware of your devotion.
You visited 1 branch of the dungeon, and saw 4 of its levels.

You collected 168 gold pieces.

Inventory:

Hand Weapons
 e - a +3 hunting sling of freezing (weapon)
 m - a +0 whip of electrocution
Missiles
 p - 6 boomerangs
Armour
 b - a +0 scale mail (worn)
 c - a +0 buckler (worn)
 l - a +0 cloak (worn)
Jewellery
 a - an amulet of reflection (around neck)
 n - an amulet of the acrobat
 s - a ring of wizardry
Scrolls
 i - 2 scrolls of immolation
 j - 2 scrolls of amnesia
 k - 2 scrolls of vulnerability
 r - a scroll of enchant armour
Potions
 d - a potion of might
 f - 2 potions of degeneration
 o - a potion of lignification {unknown}


   Skills:
 + Level 3.9 Fighting
 + Level 2.6 Maces & Flails
 + Level 1.1 Throwing
 + Level 4.0 Armour
 + Level 1.1 Dodging
 + Level 3.9 Shields
 + Level 0.9 Invocations


You had 4 spell levels left.
You didn't know any spells.
Your spell library contained the following spells:

 Spells                   Type           Power      Damage    Failure   Level
 Freezing Cloud           Conj/Ice/Air   0%         6-21      100%        5
 Polar Vortex             Ice            0%         N/A       100%        9
 Simulacrum               Ice/Necr       Unusable   N/A       N/A         6

Dungeon Overview and Level Annotations

Branches:
Dungeon (3/15)

Altars:
Okawaru

Shops:
D:2 [


Innate Abilities, Weirdness & Mutations

You are immune to sickness and miasma.
Your stone body is resilient. (AC +4)
You are immune to poison.
You resist negative energy. (rN+)
You are resistant to electric shocks. (rElec)
You are resistant to unholy torment.
You are immune to petrification.


Message History

j - 2 scrolls of amnesia
As you read the scroll of identify, it crumbles to dust.
k - 2 scrolls of vulnerability
As you read the scroll of identify, it crumbles to dust.
q - a scroll of teleportation
As you read the scroll of identify, it crumbles to dust.
r - a scroll of enchant armour A two-headed ogre, an iguana and a five-headed hydra come into view.
Found a manual of Evocations.
The two-headed ogre shouts in stereo!
The iguana hisses angrily.
The five-headed hydra roars!
You hear an angry hiss.
An iguana comes into view.
Something shouts, "Slither hence, thou foisting weather-bitten scut!"
You hear an angry hiss. 2 white imps come into view.
Found a ring mail.
The white imp shouts!
The white imp gestures at you.
The puff of frost hits you but does no damage.
Things that are here:
a scroll of identify; a +0 whip
As you read the scroll of teleportation, it crumbles to dust.
You feel strangely unstable.
A gnoll sergeant comes into view. It is wielding a +0 spear.
The two-headed ogre attacks as you move away!
The two-headed ogre hits you with a +0 giant club! x2
* * * LOW HITPOINT WARNING * * *
Found a book of the Spheres.
The white imp gestures at you. The puff of frost hits you.
* * * LOW HITPOINT WARNING * * *
It was a potion of degeneration.
There was something very wrong with that liquid.
You feel weakened.
You feel dopey.
You feel clumsy.
The gnoll sergeant shouts!
It was a potion of brilliance.
You feel clever all of a sudden.
The two-headed ogre hits you with a +0 giant club!!
Ouch! That really hurt!
You die...

+..........#
#..........#
#..........# #
#..........#.#
+...........
#:........#
#.........# #@...#
#O?..#
##########l...#
#........#....##...
#........#...5.....
#..........###.###.
#.........#...#5.
+.........#.O###.#
#.........#.#.# #.#


You could see a two-headed ogre, an iguana and 2 white imps.

Vanquished Creatures
  An iguana (D:2)
  4 adders (D:2)
  2 worms (D:2)
  A dart slug (D:1)
  6 ball pythons
  9 bats
  8 endoplasms
  3 giant cockroaches
  4 goblins (D:1)
  3 hobgoblins
  4 kobolds (D:1)
  4 quokkas
  2 frilled lizards
  2 rats (D:1)
53 creatures vanquished.

Notes
Turn   | Place    | Note
-------+----------+-------------------------------------------
     0 | D:1      | Dabor the Gargoyle Fighter began the quest for the Orb.
     0 | D:1      | Reached XP level 1. HP: 14/14 MP: 1/1
   365 | D:1      | Reached XP level 2. HP: 19/19 MP: 2/2
   535 | D:1      | Reached XP level 3. HP: 23/23 MP: 3/3
  1237 | D:2      | Found a faded altar of an unknown god.
  1253 | D:2      | Prayed at the altar of an unknown god.
  1253 | D:2      | Became a worshipper of Warmaster Okawaru
  1253 | D:2      | Reached * piety under Okawaru
  1304 | D:2      | Reached XP level 4. HP: 24/29 MP: 4/4
  1393 | D:2      | Reached skill level 1 in Throwing
  1416 | D:2      | Reached skill level 1 in Dodging
  1741 | D:2      | Reached skill level 4 in Armour
  1741 | D:2      | Reached XP level 5. HP: 33/33 MP: 5/5
  1760 | D:2      | Found Heunobodgh's Antique Armour Shoppe.
  2002 | D:3      | You fall into a shaft and drop 3 floors!
  2010 | D:6      | Noticed a two-headed ogre
  2010 | D:6      | Noticed a five-headed hydra
  2018 | D:6      | Demolished by a two-headed ogre

Illustrated notes

Levels and vault maps discovered:
D:1:      nicolae_arrival_somewhat_less_tricky_arrival, layout_loops_ring,
          serial_bayou_pond_d, roderic_roman_lattice, serial_bayou_pond_d
D:2:      layout_loops_ring, serial_shops, nicolae_shop_trees,
          hellmonk_ecumenical_altar_arch_garden, minmay_diced_spiral
D:3:      layout_loops_ring
D:6:      layout_basic, temple_fountains, abandoned_shop, minmay_manual_mail

Skill      XL: |  1  2  3  4 |
---------------+-------------+-----
Throwing       | 1 |  1.1
Dodging        | 1 |  1.1
Armour         | 4 |  4.0
Fighting       | |  3.9
Maces & Flails | |  2.6
Shields        | |  3.9
Invocations    | |  0.9

Action                   |  1- 3 |  4- 6 || total
-------------------------+-------+-------++-------
Melee: Flail             |    17 |       ||    17
 Fire: Hunting sling     |    79 |    43 ||   122
  Use: Scroll            |       |     6 ||     6
       Potion            |       |     2 ||     2
Armor: Scale mail        |    36 |    28 ||    64
Dodge: Dodged            |    39 |    13 ||    52
Block: Buckler           |    19 |    31 ||    50

Table legend: (Time is in decaauts)
 A = Elapsed time spent in this place.
 B = Non-inter-level travel time spent in this place.
 C = Inter-level travel time spent in this place.
 D = Time resting spent in this place.
 E = Time spent auto-exploring this place.
 F = Levels seen in this place.
 G = Mean time per level.
                   A        B        C        D        E       F      G
               +--------+--------+--------+--------+--------+-----+--------+
         Total |   2108 |   1914 |    194 |      0 |   1546 |   4 |  527.0 |
       Dungeon |   2108 |   1914 |    194 |      0 |   1546 |   4 |  527.0 |
               +--------+--------+--------+--------+--------+-----+--------+

Top non-repeatable levels by time:
     D:1: 1192 daAuts
     D:2: 774 daAuts
     D:3: 125 daAuts
     D:6: 15 daAuts
